 Dungeon Crawl Stone Soup version 0.27.1-34-g3ba077fa99 (webtiles) character file.

Game seed: 8547763505653639727

19 pkoi the Insei (level 2, 0/26 HPs)
             Began as a Draconian Monk on Jan 11, 2022.
             Succumbed to an adder's poison
             ... on level 1 of the Dungeon.
             The game lasted 00:00:48 (662 turns).

pkoi the Insei (Draconian Monk)                      Turns: 662, Time: 00:00:49

Health: 0/26       AC:  4    Str: 13    XL:     2   Next: 55%
Magic:  2/2        EV: 13    Int: 10    God:
Gold:   16         SH:  0    Dex: 19    Spells: 1/1 levels left

rFire    . . .     SeeInvis .   a - +2 dagger (vamp)
rCold    . . .     Faith    .   (no shield)
rNeg     . . .     Spirit   .   (armour unavailable)
rPois    .         Reflect  .   (helmet restricted)
rElec    .         Harm     .   (no cloak)
rCorr    .         Rampage  .   (no gloves)
Will     .....                  (no boots)
Stlth    ++........             (no amulet)
HPRegen  0.08/turn              b - +6 ring of dexterity
MPRegen  0.08/turn              f - ring of flight

@: lethally poisoned (0 -> -7), flying
A: AC +4, unfitting armour, cold-blooded
a: no special abilities


You were on level 1 of the Dungeon.
You visited 1 branch of the dungeon, and saw 2 of its levels.

You collected 16 gold pieces.

Inventory:

Hand Weapons
 a - a +2 vampiric dagger (weapon)
Jewellery
 b - a +6 ring of dexterity (left hand)
 e - an amulet of faith
 f - a ring of flight (right hand)


   Skills:
 - Level 3.2 Fighting
 - Level 2.6 Dodging
 - Level 1.7 Stealth
 + Level 3.9 Unarmed Combat


You had one spell level left.
You didn't know any spells.
Your spell library was empty.

Dungeon Overview and Level Annotations

Branches:
Dungeon (2/15)

Altars:


Innate Abilities, Weirdness & Mutations

Your plain brown scales are hard. (AC +4)
You cannot fit into any form of body armour.
You are cold-blooded and may be slowed by cold attacks.


Message History

The adder is lightly wounded.
You feel sick.
The endoplasm quivers.
The adder closely misses you. The rat bites you but does no damage.
You closely miss the adder. You tail-slap the adder.
The adder is heavily wounded.
You feel sick. The adder bites you.
You are more poisoned.
The adder poisons you! The endoplasm misses you. The rat closely misses you.
You are too injured to fight recklessly!
You are too injured to fight recklessly!
You are too injured to fight recklessly!
You are too injured to fight recklessly!
You feel sick. The adder bites you. The endoplasm barely misses you.
The rat barely misses you.
You fly upwards.
You feel sick.
There is a stone staircase leading down here.
Unknown command.
You feel sick. The adder barely misses you. The adder bites you.
* * * LOW HITPOINT WARNING * * *
You are more poisoned.
The adder poisons you! The rat barely misses you.
You feel sick.
You feel sick.
There is an open door here.
You feel sick. The adder closely misses you.
It was a potion of magic.
Magic courses through your body.
You feel sick. The adder bites you.
* * * LOW HITPOINT WARNING * * *
You are more poisoned.
The adder poisons you!
As you read the scroll labelled TAAL SOCAUDIG, it crumbles to dust.
It is a scroll of amnesia.
You feel forgetful for a moment.
* * * LOW HITPOINT WARNING * * *
You feel sick. The adder barely misses you.
As you read the scroll labelled YXIL LIGAHU, it crumbles to dust.
It is a scroll of enchant armour.
You aren't carrying any armour which can be enchanted further.
You die...

####......÷..#...............
#.........................
#.........................
#.......†.)...............
###........>................
#...........................
#...######rJ..###...........
#...# ####S#.....##........
#...####...@......##........
#...#.............##........
#...#...........####........
#...........................
#...............)...........
#...............###.........
####.###....................
#.# #####...##.##........
#.#### #...##+##........


You could see an adder, an endoplasm and a rat.

Vanquished Creatures
  A dart slug (D:1)
  3 goblins (D:1)
  4 hobgoblins (D:1)
  A quokka (D:1)
  2 ball pythons (D:1)
  2 bats (D:1)
  A frilled lizard (D:1)
  A rat (D:1)
15 creatures vanquished.

Notes
Turn   | Place    | Note
-------+----------+-------------------------------------------
     0 | D:1      | pkoi the Draconian Monk began the quest for the Orb.
     0 | D:1      | Reached XP level 1. HP: 19/19 MP: 1/1
   143 | D:1      | Reached XP level 2. HP: 26/26 MP: 2/2
   661 | D:1      | HP: 1/26 [poisoned by an adder]
   662 | D:1      | Succumbed to an adder's poison

Illustrated notes

Levels and vault maps discovered:
D:1:      lightli_arrival_statuegarden, layout_basic
D:2:      layout_basic, shapermc_ecumenical_altar_rom_forum

Action                   || total
-------------------------++-------
Melee: Dagger            ||    31
       Tailslap          ||     6
       Unarmed           ||     2
  Use: Scroll            ||     2
       Potion            ||     1
 Stab: Sleeping          ||     5
Armor: Skin              ||     8
Dodge: Dodged            ||    24
